 Dungeon Crawl Stone Soup version 0.27-a0-1281-ge233d83751 (webtiles) character file.

Game seed: 2771074170884401241

20 freelancePsychic the Chiller (level 3, 0/24 HPs)
             Began as a Human Ice Elementalist on June 13, 2021.
             Slain by Terence (1 damage)
             ... on level 2 of the Dungeon.
             The game lasted 00:03:27 (1907 turns).

freelancePsychic the Chiller (HuIE)                 Turns: 1907, Time: 00:03:28

Health: 0/24       AC:  3    Str:  8    XL:     3   Next: 0%
Magic:  3/6        EV: 12    Int: 16    God:
Gold:   84         SH:  0    Dex: 13    Spells: 2/6 levels left

rFire    . . .     SeeInvis .   (no weapon)
rCold    . . .     Faith    .   (no shield)
rNeg     . . .     Spirit   .   a - +0 robe
rPois    .         Reflect  .   (no helmet)
rElec    .         Harm     .   (no cloak)
rCorr    .         Rampage  .   (no gloves)
Will     .....                  e - +0 pair of boots
Stlth    ++........             (no amulet)
HPRegen  0.08/turn              (no ring)
MPRegen  0.10/turn              (no ring)

@: mighty, freezing walls
A: no striking features
a: no special abilities


You were on level 2 of the Dungeon.
You visited 1 branch of the dungeon, and saw 2 of its levels.

You collected 84 gold pieces.

Inventory:

Armour
 a - a +0 robe (worn)
 e - a +0 pair of boots (worn)
Scrolls
 b - a scroll of amnesia {unknown}
 c - 2 scrolls of teleportation {unknown}
 d - a scroll of immolation {unknown}
 f - a scroll of brand weapon {unknown}
 g - a scroll of identify {unknown}


   Skills:
 - Level 2.0 Dodging
 - Level 2.0 Stealth
 + Level 2.3 Spellcasting
 * Level 4.5 Ice Magic


You had 2 spell levels left.
You knew the following spells:

 Your Spells              Type           Power      Damage    Failure   Level
a - Freeze                Ice            64%        1d8       3%          1
b - Frozen Ramparts       Ice            32%        1d5       10%         3

Your spell library contained the following spells:

 Spells                   Type           Power      Damage    Failure   Level
 Ozocubu's Armour         Ice            16%        N/A       10%         3
 Hailstorm                Conj/Ice       9%         3d4       61%         4
 Metabolic Englaciation   Hex/Ice        4%         N/A       91%         5


Dungeon Overview and Level Annotations

Branches:
Dungeon (2/15)

Altars:

Annotations:
D:2 1 runed translucent door, Crazy Yiuf, Terence


Message History

Your experience leads to an increase in your attributes!
Increase (S)trength, (I)ntelligence, or (D)exterity?
You feel clever.
Casting: Freeze (safe; 3% risk of failure)
Confirm with . or Enter, or press ? or * to list all spells.
Okay, then.
This spell is quite dangerous to cast!
Memorise Frozen Ramparts, consuming 3 spell levels and leaving 2?
You start memorising the spell.
You continue memorising. x3
You finish memorising.
Spell assigned to 'b'.
You start resting.
Magic restored.
There is a stone staircase leading down here.
You climb downwards.
Level annotation: 1 runed translucent door, Crazy Yiuf, Terence
There is a stone staircase leading up here.
Terence the Incautious opens the door.
He is wielding a +0 trident of flaming.
Casting: Freeze (safe; 3% risk of failure)
Confirm with . or Enter, or press ? or * to list all spells.
The spell is quite dangerous to cast (10% risk of failure)!
Continue anyway?
Casting: Frozen Ramparts (quite dangerous; 10% risk of failure)
Press: ? - help, Dir - look around, f - activate The walls around you are covered in ice.
The wall freezes Terence.
Terence hits you from afar with a +0 trident of flaming!
Terence burns you.
The wall freezes Terence.
Terence closely misses you.
The wall freezes Terence.
Terence hits you from afar with a +0 trident of flaming!
* * * LOW HITPOINT WARNING * * *
Terence burns you.
* * * LOW HITPOINT WARNING * * *
It was a potion of might.
You feel very mighty all of a sudden.
The wall freezes Terence.
Terence looks scornfully at you. Terence barely misses you.
The wall freezes Terence.
Terence hits you from afar with a +0 trident of flaming.
You die...

#.....# #..#..>.#
#.....#####.......#
##
#......##.........#
..
#......##.#.......#
##+##
#.........#.......#
....#
##+#'######.......#
....#
#..@.............# #
....#
###.#####.#.#......@
....#
#@#####.#.#......
....#
#.#.....#.####.#.#
##'########
#.#.###...<<......
##.#....... #+#
#.#.####.#.#
...#....... #.#.# #
...#....... #.#.#
##.#†...... #.#.#
'.......... ..#(#
##.#....... #####


You could see Terence.

Vanquished Creatures
  A dart slug (D:1)
  2 endoplasms (D:1)
  2 giant cockroaches
  A goblin (D:1)
  A hobgoblin (D:1)
  3 kobolds
  A quokka (D:2)
  2 ball pythons (D:1)
  A frilled lizard (D:2)
  A rat (D:2)
15 creatures vanquished.

Notes
Turn   | Place    | Note
-------+----------+-------------------------------------------
     0 | D:1      | freelancePsychic the Human Ice Elementalist began the quest
                  | for the Orb.
     0 | D:1      | Reached XP level 1. HP: 13/13 MP: 3/3
   513 | D:2      | Reached XP level 2. HP: 16/19 MP: 1/5
   940 | D:2      | Found a runed translucent door.
   941 | D:2      | Noticed Crazy Yiuf
  1790 | D:2      | Noticed Terence
  1863 | D:1      | Reached XP level 3. HP: 24/24 MP: 4/6
  1867 | D:1      | Learned a level 3 spell: Frozen Ramparts
  1905 | D:2      | HP: 1/24 [Terence (5)]
  1907 | D:2      | Slain by Terence

Illustrated notes

Levels and vault maps discovered:
D:1:      lightli_arrival_quake, layout_rooms, minmay_tall_x
D:2:      layout_basic, uniq_terence, uniq_crazy_yiuf_cottage

Action                   || total
-------------------------++-------
Melee: Unarmed           ||     3
 Cast: Freeze            ||    31
       Frozen Ramparts   ||     1
  Use: Scroll            ||     1
       Potion            ||     1
Armor: Robe              ||     7
Dodge: Dodged            ||    20

Table legend: (Time is in decaauts)
 A = Elapsed time spent in this place.
 B = Non-inter-level travel time spent in this place.
 C = Inter-level travel time spent in this place.
 D = Time resting spent in this place.
 E = Time spent auto-exploring this place.
 F = Levels seen in this place.
 G = Mean time per level.
                   A        B        C        D        E       F      G
               +--------+--------+--------+--------+--------+-----+--------+
         Total |   1909 |   1835 |     74 |    262 |   1277 |   2 |  954.5 |
       Dungeon |   1909 |   1835 |     74 |    262 |   1277 |   2 |  954.5 |
               +--------+--------+--------+--------+--------+-----+--------+

Top non-repeatable levels by time:
     D:1: 969 daAuts
     D:2: 940 daAuts
